 Dungeon Crawl Stone Soup version 0.30-a0-881-g1ff12e1e11 (webtiles) character file.

Game seed: 6649498231325966905

223 hikkokomori the Shield-Bearer (level 6, -1/50 HPs)
             Began as a Formicid Fighter on Mar 15, 2023.
             Shot with an arrow by a centaur (14 damage)
             ... on level 4 of the Dungeon.
             The game lasted 00:02:40 (2126 turns).

hikkokomori the Shield-Bearer (Formicid Fighter)    Turns: 2126, Time: 00:02:41

Health: -1/50      AC:  5    Str: 23    XL:     6   Next: 20%
Magic:  6/6        EV: 10    Int:  7    God:
Gold:   101        SH:  5    Dex: 13    Spells: 5/5 levels left

rFire   . . .      SeeInvis +    n - +0 broad axe
rCold   + . .      Faith    .    c - +0 buckler
rNeg    . . .      Spirit   .    k - +2 leather armour {rC+}
rPois   .          Reflect  .    (helmet unavailable)
rElec   .          Rampage  .    (no cloak)
rCorr   .                        (no gloves)
Will    .....                    (no boots)
Stlth   +                        (no amulet)
HPRegen 0.28/turn                (no ring)
MPRegen 0.10/turn                (no ring)

@: no status effects
A: permanent stasis, dig shafts and tunnels, antennae 3, four strong arms
a: Dig, Shaft Self


You were on level 4 of the Dungeon.
You visited 1 branch of the dungeon, and saw 4 of its levels.

You collected 101 gold pieces.

Inventory:

Hand Weapons
 a - a +0 war axe
 n - a +0 broad axe (weapon)
Armour
 b - a +0 scale mail
 c - a +0 buckler (worn)
 k - a +2 leather armour of cold resistance (worn)
Scrolls
 h - a scroll of fog {unknown}
 i - a scroll of amnesia {unknown}
 j - 4 scrolls of enchant armour {unknown}
 l - 2 scrolls of teleportation {unknown}
 o - a scroll of immolation {unknown}
 q - a scroll of magic mapping {unknown}
Potions
 d - 2 potions of might
 e - 2 potions of heal wounds {unknown}
 f - a potion of flight {unknown}
 g - 2 potions of brilliance {unknown}
 m - a potion of haste {unknown}
 p - 2 potions of degeneration {unknown}


   Skills:
 + Level 4.8 Fighting
 + Level 3.5 Axes
 - Level 3.8 Armour
 + Level 5.7 Shields


You had 5 spell levels left.
You didn't know any spells.
Your spell library contained the following spells:

 Spells                   Type           Power      Damage    Failure   Level
 Slow                     Hex            0%         N/A       54%         1
 Confusing Touch          Hex            0%         N/A       88%         3
 Vampiric Draining        Necr           0%         2d6       88%         3


Dungeon Overview and Level Annotations

Branches:
Dungeon (4/15)
 Temple: D:4-7

Altars:
Cheibriados

Shops:
D:3 =


Innate Abilities, Weirdness & Mutations

You cannot be hasted, slowed, berserked, paralysed or teleported.
You can dig through walls and to a lower floor.
You have a pair of large antennae on your head. (SInv)
Your four strong arms can wield two-handed weapons with a shield.


Message History

No target in view!
HP restored.
There is a stone staircase leading up here.
d - 2 potions of might (gained 1)
A goblin comes into view. It is wielding a +0 dagger.
A goblin is nearby!
A goblin is nearby!
A goblin is nearby!
The goblin shouts!
The goblin throws a stone.
The stone closely misses you. You block the goblin's attack.
You slash the goblin!
You kill the goblin!
No target in view!
No target in view!
No target in view!
No target in view!
No target in view!
No target in view!
No target in view!
No target in view!
Items here: ( ) [ †.
q - a scroll labelled TIR CEEREDEAS You sense a monster nearby.
Found a stone staircase leading down.
A centaur comes into view.
The centaur shouts!
An adder comes into view.
The centaur wields a +0 shortbow.
The centaur shoots an arrow.
The arrow closely misses you.
A worm comes into view.
The adder moves out of view.
You hear an angry hiss.
Found a white potion.
The centaur shoots an arrow.
The arrow hits you!
The centaur shoots an arrow.
The arrow hits you!
The centaur shoots an arrow.
The arrow hits you!
The centaur shoots an arrow.
The arrow hits you!
* * * LOW HITPOINT WARNING * * *
The centaur shoots an arrow.
The arrow hits you!
You die...

#.............
#.#.##.##.#.##
.............######
#..................#
#.#.#...#.....#..#....
.....#...#.....#..# .
.#.#...#.##...##.###
#.#..... #...#..#!#
#..##. ##.##@##.## ..
#.#..#...# .
###.##..S## ...
#Sc#.wc..#
#....#..#.....#.
........{.......
......#.........
.....>.....###+#
....#....###


You could see a centaur and an adder.

Vanquished Creatures
  A howler monkey (D:4)
  3 jellies
  2 adders
  2 dart slugs (D:2)
  A worm (D:2)
  An orc (D:3)
  A bat (D:2)
  9 endoplasms
  4 giant cockroaches
  8 goblins
  5 hobgoblins
  2 jackals (D:2)
  4 kobolds
  4 quokkas
  7 ball pythons
  5 frilled lizards
  3 rats
62 creatures vanquished.

Notes
Turn   | Place    | Note
-------+----------+-------------------------------------------
     0 | D:1      | hikkokomori the Formicid Fighter began the quest for the
                  | Orb.
     0 | D:1      | Reached XP level 1. HP: 18/18 MP: 1/1
   136 | D:1      | Reached XP level 2. HP: 22/24 MP: 2/2
   282 | D:1      | Reached XP level 3. HP: 29/29 MP: 3/3
   847 | D:2      | Found a faded altar of an unknown god.
   894 | D:2      | Reached XP level 4. HP: 36/37 MP: 4/4
  1721 | D:3      | Found Tonlamul's Jewellery Emporium.
  1728 | D:3      | Reached skill level 5 in Shields
  1728 | D:3      | Reached XP level 5. HP: 30/42 MP: 5/5
  1933 | D:3      | Found a snail-covered altar of Cheibriados.
  2017 | D:4      | Reached XP level 6. HP: 32/49 MP: 6/6
  2126 | D:4      | Shot with an arrow by a centaur

Illustrated notes

Levels and vault maps discovered:
D:1:      psy_arrival_spokes, layout_rooms, minmay_pentomino_w2
D:2:      layout_loops_ring, shapermc_ecumenical_altar_hornbeckon,
          minmay_close_crescents
D:3:      layout_basic, mainiacjoe_overflow_alcove_2, serial_shops,
          nicolae_shop_temple_entry_statues_fountains, serial_park_tiny_2,
          hangedman_glass_teeth, grunt_decor_cap
D:4:      layout_basic, nicolae_uskayaw_dance_hall, minmay_unequal

Skill      XL: |  1  2  3  4  5 |
---------------+----------------+-----
Fighting       | 4 |  4.8
Shields        | 5 |  5.7
Axes           | 3 |  3.5
Armour         | |  3.8

Action                     |  1- 3 |  4- 6 || total
---------------------------+-------+-------++-------
  Melee: War axe           |    72 |    15 ||    87
         Broad axe         |       |    46 ||    46
   Stab: Sleeping          |     1 |       ||     1
 Armour: Scale mail        |    22 |       ||    22
         Leather armour    |     4 |    13 ||    17
  Dodge: Dodged            |    27 |    41 ||    68
  Block: Buckler           |    14 |    23 ||    37

Table legend: (Time is in decaauts)
 A = Elapsed time spent in this place.
 B = Non-inter-level travel time spent in this place.
 C = Inter-level travel time spent in this place.
 D = Time resting spent in this place.
 E = Time spent auto-exploring this place.
 F = Levels seen in this place.
 G = Mean time per level.
                   A        B        C        D        E       F      G
               +--------+--------+--------+--------+--------+-----+--------+
         Total |   2190 |   2089 |    101 |      0 |   1648 |   4 |  547.5 |
       Dungeon |   2190 |   2089 |    101 |      0 |   1648 |   4 |  547.5 |
               +--------+--------+--------+--------+--------+-----+--------+

Top non-repeatable levels by time:
     D:2: 928 daAuts
     D:3: 744 daAuts
     D:1: 374 daAuts
     D:4: 143 daAuts
